 BcadrenCrawl: Boulder Brew version 0.03.3.1-31-gd4c2611de9 (webtiles) character file.

Game seed: 13913508396510867606, levelgen mode: deterministic

30 Chiseanne the Ducker (level 3, 25/25 HPs) Goblin Demonspawn. Began on Mar 18, 2021. Quit the game on level 1 of the Dungeon. The game lasted 00:00:49 (222 turns).

Chiseanne the Ducker (Goblin Demonspawn)             Turns: 222, Time: 00:00:49

Health: 25/25      AC:  5    Str:  8    XL:     3 ^: 26
Magic:  4/4        EV: 14    Int:  6    God:
Gold:   26         SH:  0    Dex:  6    Spells: 3/4 levels left

rFire    . . .     Vision   .   a - +0 rapier
rCold    . . .     Gourm    .   c - +0 buckler
rNeg     . . .     Faith    .   b - +0 leather armour
rPois    .         Spirit   .   (helmet restricted)
rElec    .         Reflect  .   (no cloak)
rCorr    .         Harm     .   (no gloves)
MR       .....                  (no boots)
Stlth    +.........             (no amulet)
HPRegen  0.18/turn              (no ring)
MPRegen  0.14/turn              (no ring)

@: no status effects
A: small, stagnant stats, goblin's greed, antennae 1, iridescent scales 1, low
mp 1, mutation resistance 1, god's pity 2
a: no special abilities


You were on level 1 of the Dungeon.
You were not hungry.

You visited 1 branch of the dungeon, and saw 1 of its levels.

You collected 22 gold pieces.

Inventory:

Weapons
 a - a +0 rapier (weapon) Shields
 c - a +0 buckler (shield)
Armour
 b - a +0 leather armour (worn)
Comestibles
 d - 3 rations


   Skills:
 * Level 2.5 Fighting
 - Level 2.6 Short Blades
 * Level 4.5 Dodging
 - Level 2.6 Stealth
 * Level 1.3 Shields
 - Level 1.3 Spellcasting
 - Level 2.6 Fire Magic
   Level 4.0 Invocations


You had 3 spell levels left.
You knew the following spells:

 Your Spells              Type           Power        Failure   Level  Hunger
a - Flame Tongue          Fire           3 (30)       26%         1    ##.....

Your spell library contained the following spells:

 Spells                   Type           Power        Failure   Level  Hunger
 Conjure Flame            Fire           3 (100)      61%         3    ####...
 Blink                    Tloc           N/A          75%         2    ###....
 Call Imp                 Summ           0 (100)      75%         2    ###....
 Slow                     Hex            0 (100)      75%         2    ###....
 Mephitic Cloud           Pois/Air       0 (100)      93%         3    ####...


Dungeon Overview and Level Annotations

Branches:
Dungeon (1/8)

Altars:


Innate Abilities, Weirdness & Mutations

Your stats never grow through leveling.
Your goblin ancestry allows you to find more gold. (+20%)
You are small and have problems with some larger weapons.
You have a pair of small antennae on your head.
You are partially covered in iridescent scales. (AC +2)
Your magical capacity is low. (-10% MP)
You are somewhat resistant to further mutation.
The pity of the gods increases the power of your passive and invoked divine abilities.


Message History

A kobold comes into view.
The kobold shouts!
You hear a shout!
Found a scroll of random uselessness.
The giant cockroach misses you (0). The kobold barely misses you (0).
You closely miss the giant cockroach.
The giant cockroach barely misses you (0).
The kobold closely misses you (0).
The giant cockroach bites you but does no damage.
You hit the giant cockroach (3). The kobold barely misses you (0).
A goblin comes into view.
The giant cockroach bites you but does no damage.
The goblin shouts!
You hit the giant cockroach (4).
You kill the giant cockroach!
Your Shields skill increases to level 1!
You have reached level 3!
Your demonic ancestry asserts itself...
A pair of antennae grows on your head! The kobold closely misses you (0).
Are you sure you want to abandon this character and quit the game? (Confirm with "yes".)

#########.#.# ...# ##
#### # #. # # #. # #.##.
###### . #.... ......≈
....#..#### #####..
......†@..# ......
###.#.K##.############..
..... #...............
...g..# ################
...?## ####


You could see a goblin and a kobold.

Vanquished Creatures
  A giant cockroach (D:1)
  A leopard gecko (D:1)
  5 goblins (D:1)
  4 bats (D:1)
  3 rats (D:1)
14 creatures vanquished.

Notes
Turn   | Place    | Note
-------+----------+-------------------------------------------
     0 | D:1      | Chiseanne the Goblin Demonspawn began the quest for the
                  | Orb.
     0 | D:1      | Reached XP level 1. HP: 13/13 MP: 2/2
   126 | D:1      | Gained mutation: You are partially covered in iridescent
                  | scales. (AC +2) [demonic ancestry]
   126 | D:1      | Reached XP level 2. HP: 19/19 MP: 3/3
   221 | D:1      | Reached skill level 1 in Shields
   221 | D:1      | Gained mutation: You have a pair of small antennae on your
                  | head. [demonic ancestry]
   221 | D:1      | Reached XP level 3. HP: 25/25 MP: 4/4
   222 | D:1      | Quit the game

Levels and vault maps discovered:
D:1:      matt_arrival_los_fun, layout_loops_ring, first_ration

Skill      XL: |  1  2 |
---------------+-------+-----
Fighting       | 2 |  2.5
Shields        | 1 |  1.3
Short Blades   | |  2.6
Dodging        | |  4.5
Stealth        | |  2.6
Spellcasting   | |  1.3
Fire Magic     | |  2.6
Invocations    | |  4.0

Action                   || total
-------------------------++-------
Melee: Rapier            ||    26
       Dagger            ||     3
       Unarmed           ||     1
 Stab: Sleeping          ||     2
Armor: Leather armour    ||     6
Dodge: Dodged            ||    22
